[Event "4th EFE Metz Festival-WIM"]
[Site "Metz"]
[Date "2018.07.26"]
[Round "5"]
[White "Zozulia, Anna"]
[Black "Schweitzer, Victoria"]
[Result "1-0"]
[ECO "B09"]
[WhiteElo "2300"]
[BlackElo "2097"]
[Annotator "NA"]
[PlyCount "111"]
[EventDate "2018.07.22"]
[EventType "tourn"]
[EventCountry "FRA"]
[SourceTitle "playchess.com"]
[Source "ChessBase"]
[SourceQuality "1"]
[TimeControl "5400+30"]

1. e4 d6 2. d4 Nf6 3. Nc3 g6 4. f4 Bg7 5. Nf3 O-O 6. Bd3 Nc6 7. d5 Nb4 8. Be2 c6 9. a3 Na6 10. Be3 cxd5 11. exd5 Nc5 12. O-O Bg4 13. Nd4 Qc8 14. Kh1 Bxe2 15. Qxe2 Ncd7 16. Bg1 Re8 17. Qd3 a6 18. Rae1 Qc7 19. Nf3 Rac8 20. Bd4 Qc4 21. Qd2 Nh5 22. Bxg7 Kxg7 23. Nd4 Nhf6 24. Nb3 Nb6 25. Na5 Qc7 26. Rf3 Nc4 27. Nxc4 Qxc4 28. Rd3 Qc7 29. f5 Qd7 30. Rf1 Rc4 31. Rh3 h5 32. Qd3 Rec8 33. fxg6 fxg6 34. Rg3 Rg4 35. Re3 Rf8 36. Qe2 Rf7 37. Re1 Kf8 38. Re6 Rf4 39. g3 Rf5 40. Qd2 Kg7 41. R1e2 Ng4 42. Ne4 Ne5 43. Kg2 Qb5 44. b3 Ng4 45. Nc3 Qd7 46. Qd4+ Re5 47. h3 Nf6 48. R2xe5 dxe5 49. Qxe5 Kf8 50. Qd4 Qc8 51. Re2 Qf5 52. Rf2 Qg5 53. h4 Qc1 54. d6 exd6 55. Rxf6 Qxc2+ 56. Qf2 1-0

[Event "4th EFE Metz Festival-WIM"]
[Site "Metz"]
[Date "2018.07.26"]
[Round "5"]
[White "Terbe, Julianna"]
[Black "Afraoui, Anaelle"]
[Result "1-0"]
[ECO "A45"]
[WhiteElo "2238"]
[BlackElo "2056"]
[Annotator "NA"]
[PlyCount "73"]
[EventDate "2018.07.22"]
[EventType "tourn"]
[EventCountry "FRA"]
[SourceTitle "playchess.com"]
[Source "ChessBase"]
[SourceQuality "1"]
[TimeControl "5400+30"]

1. d4 Nf6 2. Bf4 g6 3. e3 Bg7 4. Nf3 O-O 5. Be2 d6 6. h3 Nbd7 7. O-O b6 8. a4 c5 9. c3 Bb7 10. Nbd2 a6 11. Bh2 Re8 12. Qc2 Rc8 13. Rfe1 cxd4 14. exd4 Nd5 15. Qb3 Bh6 16. Bc4 N7f6 17. g4 Bxd2 18. Nxd2 e6 19. f3 h5 20. Bf1 Kg7 21. Nc4 Rxc4 22. Qxc4 hxg4 23. hxg4 Rh8 24. Qe2 Nh7 25. Bg3 Ng5 26. Bg2 Nh3+ 27. Bxh3 Rxh3 28. Qg2 Rh7 29. Kf2 Nf6 30. Bf4 Nd5 31. Bd2 Qf6 32. Rh1 Rxh1 33. Rxh1 Nf4 34. Qh2 Nd3+ 35. Kg1 Kg8 36. Bg5 Qg7 37. Qxd6 1-0

[Event "4th EFE Metz Festival-WIM"]
[Site "Metz"]
[Date "2018.07.26"]
[Round "5"]
[White "Terbe, Zsuzsanna"]
[Black "Soubirou, Oriane"]
[Result "0-1"]
[ECO "C00"]
[WhiteElo "2178"]
[BlackElo "2105"]
[Annotator "NA"]
[PlyCount "96"]
[EventDate "2018.07.22"]
[EventType "tourn"]
[EventCountry "FRA"]
[SourceTitle "playchess.com"]
[Source "ChessBase"]
[SourceQuality "1"]
[TimeControl "5400+30"]

1. e4 a6 2. d4 e6 3. Nf3 b5 4. Bd3 Bb7 5. O-O Nf6 6. Re1 d5 7. e5 Nfd7 8. Ng5 g6 9. Qg4 Qe7 10. a4 Nc6 11. c3 b4 12. c4 dxc4 13. Bxc4 Nb6 14. Ne4 O-O-O 15. Bg5 Qd7 16. Bxd8 Qxd8 17. Nbd2 Qxd4 18. Qe2 Nxc4 19. Nxc4 Nxe5 20. Nxe5 Qxe5 21. Qc4 Qd5 22. Qxd5 Bxd5 23. Ng5 Bc5 24. Rac1 Bd4 25. Re2 e5 26. Nf3 Bxf3 27. gxf3 Kb7 28. b3 f5 29. Kg2 c5 30. Rd2 Re8 31. Rc4 a5 32. h3 Kb6 33. Rc1 Re6 34. Rc4 Rd6 35. Kf1 Kc6 36. Ke2 Kd5 37. Kf1 Re6 38. Kg2 g5 39. Re2 Rh6 40. Rc1 Rh4 41. Kg3 Bc3 42. Rd1+ Rd4 43. Rb1 c4 44. bxc4+ Rxc4 45. Rb3 Bd4 46. Rd2 Rc3 47. Rb1 Kc4 48. Rdd1 b3 0-1

[Event "4th EFE Metz Festival-WIM"]
[Site "Metz"]
[Date "2018.07.26"]
[Round "5"]
[White "Thomas, Anysia"]
[Black "Muetsch, Annmarie"]
[Result "0-1"]
[ECO "E10"]
[WhiteElo "2156"]
[BlackElo "2146"]
[Annotator "NA"]
[PlyCount "94"]
[EventDate "2018.07.22"]
[EventType "tourn"]
[EventCountry "FRA"]
[SourceTitle "playchess.com"]
[Source "ChessBase"]
[SourceQuality "1"]
[TimeControl "5400+30"]

1. d4 Nf6 2. c4 e6 3. Nf3 d5 4. g3 Bb4+ 5. Nbd2 O-O 6. Bg2 Re8 7. O-O Nbd7 8. Qc2 c5 9. a3 Bxd2 10. Bxd2 cxd4 11. Nxd4 Nb6 12. Ba5 dxc4 13. Rfd1 Qc7 14. Nb5 Qc5 15. a4 Nbd5 16. e4 a6 17. b4 Qf8 18. exd5 axb5 19. d6 bxa4 20. Qxc4 e5 21. Qc7 e4 22. Bb6 Bd7 23. Bd4 Rec8 24. Qxb7 Rcb8 25. Qc7 Rc8 26. Qb7 Rcb8 27. Qc7 Rc8 28. Qb6 Nd5 29. Bxg7 Qxg7 30. Qd4 Qxd4 31. Rxd4 Nc3 32. Kf1 f5 33. g4 a3 34. gxf5 a2 35. Ke1 Bxf5 36. d7 Rd8 37. Rc4 Nd5 38. Rc8 Nxb4 39. Rc4 Rab8 40. Ke2 Rxd7 41. Bxe4 Bxe4 42. Rxe4 Kf7 43. f3 Re8 44. Rxe8 Kxe8 45. f4 Ke7 46. h3 Kf6 47. h4 h5 0-1

[Event "4th EFE Metz Festival-WIM"]
[Site "Metz"]
[Date "2018.07.26"]
[Round "5"]
[White "Broly, Mathilde"]
[Black "Moskalets, Svetlana"]
[Result "1/2-1/2"]
[ECO "B12"]
[WhiteElo "2149"]
[BlackElo "2208"]
[Annotator "NA"]
[PlyCount "46"]
[EventDate "2018.07.22"]
[EventType "tourn"]
[EventCountry "FRA"]
[SourceTitle "playchess.com"]
[Source "ChessBase"]
[SourceQuality "1"]
[TimeControl "5400+30"]

1. e4 c6 2. d4 d5 3. e5 Bf5 4. h4 h5 5. Bd3 Bxd3 6. Qxd3 Qa5+ 7. Bd2 Qa6 8. Qxa6 Nxa6 9. Nf3 e6 10. O-O Ne7 11. c3 Nf5 12. a4 Be7 13. g3 c5 14. Na3 Kd7 15. Rfc1 Rhc8 16. Nc2 cxd4 17. cxd4 Rc6 18. Kf1 Rac8 19. Bc3 Rc4 20. Ke2 R4c7 21. Kd2 Rc4 22. Ke2 R4c7 23. Kd2 Rc4 1/2-1/2

[Event "4th EFE Metz Festival-WIM"]
[Site "Metz"]
[Date "2018.07.27"]
[Round "6"]
[White "Zozulia, Anna"]
[Black "Broly, Mathilde"]
[Result "1/2-1/2"]
[ECO "C50"]
[WhiteElo "2300"]
[BlackElo "2149"]
[Annotator "ChessBase"]
[PlyCount "61"]
[EventDate "2018.07.22"]
[EventType "tourn"]
[EventCountry "FRA"]
[SourceTitle "playchess.com"]
[Source "ChessBase"]
[SourceQuality "1"]
[TimeControl "5400+30"]

1. e4 e5 2. Bc4 Nc6 3. d3 Bc5 4. Nf3 d6 5. c3 Nf6 6. O-O O-O 7. Nbd2 a5 8. h3 Be6 9. Re1 Ba7 10. a4 Re8 11. Qb3 Qd7 12. Nf1 d5 13. exd5 Bxd5 14. Bxd5 Qxd5 15. Qxd5 Nxd5 16. Be3 Bxe3 17. Nxe3 Nf4 18. Rad1 Rad8 19. d4 exd4 20. cxd4 Nb4 21. g3 Nfd5 22. Nc4 b6 23. Kf1 f6 24. Rxe8+ Rxe8 25. Re1 Kf7 26. Rxe8 Kxe8 27. Ke2 Ke7 28. Kd2 Ke6 29. Ke2 Nc6 30. Kd3 Ncb4+ 31. Ke4 {Ke5+} 1/2-1/2

[Event "4th EFE Metz Festival-WIM"]
[Site "Metz"]
[Date "2018.07.27"]
[Round "6"]
[White "Moskalets, Svetlana"]
[Black "Thomas, Anysia"]
[Result "1-0"]
[ECO "B31"]
[WhiteElo "2208"]
[BlackElo "2156"]
[Annotator "NA"]
[PlyCount "93"]
[EventDate "2018.07.22"]
[EventType "tourn"]
[EventCountry "FRA"]
[SourceTitle "playchess.com"]
[Source "ChessBase"]
[SourceQuality "1"]
[TimeControl "5400+30"]

1. e4 c5 2. Nf3 Nc6 3. Bb5 g6 4. Bxc6 bxc6 5. O-O Bg7 6. d3 e5 {[%emt 0:01:33] B31: Sizilianisch (Rossolimo-Variante)} (6... d6 7. h3 e5 8. c3 Ne7 9. d4 cxd4 10. cxd4 exd4 11. Nxd4 O-O 12. Nc3 h6 13. Be3 Kh7 14. Qd2 Rb8 15. b3 {1-0 (43) Tomashevsky,E (2716)-Li,C (2720) Doha 2016}) 7. c3 Ne7 8. Be3 d6 9. d4 cxd4 10. cxd4 f5 $146 ({Vorgänger:} 10... exd4 11. Bxd4 f6 12. Qb3 Qd7 13. Ng5 {½-½ (77) Szente Varga,F (2202)-Gagarin,V (2289) Stockholm 2014}) 11. exf5 Bxf5 ({Black should try} 11... e4 $15 12. Ng5 Bxf5) 12. dxe5 dxe5 13. Qc1 Bg4 (13... e4 $11 14. Nh4 O-O) 14. Ng5 Qc8 15. Qc4 Nd5 16. Bc5 Qd7 17. Ne4 O-O-O 18. Nbc3 Kb8 19. Bd6+ Ka8 20. Nxd5 cxd5 21. Qxd5+ Qb7 22. Qxb7+ Kxb7 23. Rac1 Rc8 24. Bc5 Rc6 25. Nd6+ $2 Kc7 $1 26. Nb5+ Kb7 27. Nd6+ (27. Nxa7 $18 Ra6 28. Nb5) 27... Kc7 28. Nf7 Re8 {[%emt 0:03:09] [#]} 29. Bxa7 ({Lieber} 29. b4 $1 $18) 29... Be6 {[%emt 0:07:17] [#]} 30. Rxc6+ $1 Kxc6 31. Rc1+ Kd7 32. Rd1+ $18 Kc7 33. Nd6 Ra8 34. Nb5+ Kb7 35. Rc1 Ka6 36. a4 Ka5 37. Nc7 Rxa7 38. Nxe6 Bh6 39. Re1 Rd7 40. Rxe5+ Kb4 41. Re4+ Ka5 42. b4+ Kb6 43. g4 Bd2 44. Kg2 Bc3 45. Nc5 Rd2 46. Re6+ Kc7 47. Ne4 1-0

[Event "4th EFE Metz Festival-WIM"]
[Site "Metz"]
[Date "2018.07.27"]
[Round "6"]
[White "Muetsch, Annmarie"]
[Black "Terbe, Zsuzsanna"]
[Result "1-0"]
[ECO "B31"]
[WhiteElo "2146"]
[BlackElo "2178"]
[Annotator "NA"]
[PlyCount "87"]
[EventDate "2018.07.22"]
[EventType "tourn"]
[EventCountry "FRA"]
[SourceTitle "playchess.com"]
[Source "ChessBase"]
[SourceQuality "1"]
[TimeControl "5400+30"]

1. e4 c5 2. Nf3 Nc6 3. Bb5 g6 4. Bxc6 bxc6 5. d4 Bg7 {[%emt 0:07:46] B31: Sicilian: 2...Nc6 3 Bb5 g6} 6. dxc5 (6. O-O cxd4 7. Nxd4 Qb6 8. Be3 c5 9. Nb3 d6 10. N1d2 Ba6 11. c4 Rd8 12. h3 e6 13. Qg4 {½-½ (31) Delgado Ramirez,N (2618)-Zhigalko,S (2652) Baku 2016}) 6... Qa5+ 7. Nbd2 Ba6 8. Rb1 Qxc5 9. b4 Qh5 $146 ({Predecessor:} 9... Qb6 10. c4 Nf6 11. O-O O-O 12. Ba3 d6 13. Qc2 {1-0 (45) Gadimbayli,A (2330)-Kazakovskiy,V (2328) Kirishi 2016}) 10. c4 Nf6 11. Bb2 O-O 12. O-O Rab8 (12... Rfb8 $142) 13. Bd4 Bb7 14. Re1 a6 (14... d6 $16) 15. e5 Ne8 16. Ne4 h6 17. Ng3 Qg4 18. Re4 Qe6 19. Bc5 Kh7 20. Qe2 g5 21. h4 gxh4 22. Nxh4 Rg8 23. f4 f6 24. f5 Qf7 25. e6 dxe6 26. fxe6 Qf8 27. Qh5 f5 {[%emt 0:03:16] [#]} 28. Bxe7 $18 fxe4 29. Bxf8 Rxf8 30. Qg6+ Kh8 31. Nh5 Bc8 32. Nxg7 Nxg7 33. Qxh6+ Kg8 34. e7 Re8 35. Rf1 Bd7 36. Ng6 Nf5 37. Qg5 Ng7 38. Rf8+ Rxf8 39. exf8=Q+ Rxf8 40. Nxf8 Kxf8 41. Qf4+ Ke7 42. Qxe4+ Ne6 43. Qe5 Kd8 44. g4 1-0

[Event "4th EFE Metz Festival-WIM"]
[Site "Metz"]
[Date "2018.07.27"]
[Round "6"]
[White "Soubirou, Oriane"]
[Black "Terbe, Julianna"]
[Result "1/2-1/2"]
[ECO "B21"]
[WhiteElo "2105"]
[BlackElo "2238"]
[Annotator "NA"]
[PlyCount "128"]
[EventDate "2018.07.22"]
[EventType "tourn"]
[EventCountry "FRA"]
[SourceTitle "playchess.com"]
[Source "ChessBase"]
[SourceQuality "1"]
[TimeControl "5400+30"]

1. e4 c5 2. d4 cxd4 3. c3 Nf6 4. e5 Nd5 5. Qxd4 e6 6. Bd3 Nc6 {[%emt 0:00:07] B22: Sicilian: 2 c3} 7. Qe4 f5 (7... d6 8. exd6 Bxd6 9. Nf3 Qc7 10. O-O Bd7 11. Na3 f5 12. Qh4 Bxa3 13. bxa3 Ne5 14. Nxe5 Qxe5 {1-0 (53) Deviatkin,A (2580)-Malakhov,I (2428) St Petersburg 2011}) 8. Qe2 Be7 9. Nf3 O-O 10. O-O Qc7 11. a3 Na5 12. c4 Nb3 13. cxd5 Nxc1 14. Qc2 Qxc2 15. Bxc2 Ne2+ 16. Kh1 Bc5 $146 17. Nbd2 b5 18. Bb3 h6 19. a4 g5 20. axb5 Nf4 21. dxe6 dxe6 22. Bc4 g4 23. Ne1 Bd4 24. f3 Bxb2 25. Rb1 Bxe5 $15 26. Nd3 Nxd3 27. Bxd3 Bb7 28. fxg4 fxg4 29. Be4 Bxe4 30. Nxe4 Rxf1+ 31. Rxf1 Rc8 32. g3 Kg7 33. Nf2 h5 34. Rd1 Rc7 35. Kg2 Rc2 36. Rd7+ Kg6 37. Kf1 Rb2 38. Nd3 Rb1+ 39. Kg2 Rxb5 40. Rxa7 Rd5 41. Nxe5+ Rxe5 42. Ra2 Kf5 43. Kf2 Rb5 44. Ke2 e5 45. Kf2 Rb3 46. Re2 h4 47. gxh4 Rh3 48. Kg2 Rxh4 49. Ra2 Rh3 50. Ra8 Rb3 51. Rf8+ Ke4 52. Rg8 Kf4 53. Rf8+ Ke3 54. Kg3 Ke2+ 55. Kxg4 e4 56. h4 e3 57. h5 Rb4+ 58. Kg5 Kd3 59. Rd8+ Rd4 60. Rxd4+ Kxd4 61. h6 e2 62. h7 e1=Q 63. h8=Q+ Qe5+ 64. Qxe5+ Kxe5 1/2-1/2

[Event "4th EFE Metz Festival-WIM"]
[Site "Metz"]
[Date "2018.07.27"]
[Round "6"]
[White "Schweitzer, Victoria"]
[Black "Afraoui, Anaelle"]
[Result "1-0"]
[ECO "B23"]
[WhiteElo "2097"]
[BlackElo "2056"]
[Annotator "NA"]
[PlyCount "45"]
[EventDate "2018.07.22"]
[EventType "tourn"]
[EventCountry "FRA"]
[SourceTitle "playchess.com"]
[Source "ChessBase"]
[SourceQuality "1"]
[TimeControl "5400+30"]

1. e4 c5 2. Nc3 Nc6 3. f4 d6 4. Nf3 Nf6 5. Bb5 e6 6. O-O Bd7 7. d3 Be7 8. e5 {[%emt 0:02:24] B23: Closed Sicilian: Lines without g3} dxe5 9. fxe5 Nd5 10. Ne4 O-O $1 {[%emt 0:03:34] LiveBook: 3 Games} 11. c4 Nc7 12. Be3 $146 ({Predecessor:} 12. Bxc6 Bxc6 13. Qe2 Ne8 14. Bf4 Rc8 15. Rad1 f5 {1-0 (42) Vasiukov,E (2482)-Pribyl,J (2346) Velden 2009}) 12... b6 13. Bxc6 Bxc6 14. Qe2 Ne8 15. Rad1 Qc7 16. Bd2 Rd8 17. Bc3 Qb7 18. Ng3 Nc7 19. Nh5 Rd7 {[%emt 0:05:52] [#]} 20. Nf6+ $18 Bxf6 21. exf6 g6 22. Qe3 Bxf3 23. Qh6 1-0

[Event "4th EFE Metz Festival-WIM"]
[Site "Metz"]
[Date "2018.07.27"]
[Round "7"]
[White "Terbe, Julianna"]
[Black "Muetsch, Annmarie"]
[Result "1-0"]
[ECO "A05"]
[WhiteElo "2238"]
[BlackElo "2146"]
[Annotator "NA"]
[PlyCount "51"]
[EventDate "2018.07.22"]
[EventType "tourn"]
[EventCountry "FRA"]
[SourceTitle "playchess.com"]
[Source "ChessBase"]
[SourceQuality "1"]
[TimeControl "5400+30"]

1. Nf3 Nf6 2. g3 e6 3. Bg2 d5 4. O-O Be7 5. c4 O-O 6. d4 b6 7. cxd5 exd5 8. Nc3 c5 9. Bf4 Bb7 10. Rc1 Nc6 11. dxc5 bxc5 12. Na4 c4 13. Nd4 Nxd4 14. Qxd4 Bc6 15. Nc3 Qa5 16. Rfd1 Rfd8 17. h3 Bc5 18. Bc7 Bb6 19. Bxb6 axb6 20. a3 Rac8 21. e4 dxe4 22. Qxd8+ Rxd8 23. Rxd8+ Ne8 24. Bxe4 b5 25. Rcd1 Qc7 26. R1d6 1-0

[Event "4th EFE Metz Festival-WIM"]
[Site "Metz"]
[Date "2018.07.27"]
[Round "7"]
[White "Terbe, Zsuzsanna"]
[Black "Moskalets, Svetlana"]
[Result "1-0"]
[ECO "A05"]
[WhiteElo "2178"]
[BlackElo "2208"]
[Annotator "NA"]
[PlyCount "59"]
[EventDate "2018.07.22"]
[EventType "tourn"]
[EventCountry "FRA"]
[SourceTitle "playchess.com"]
[Source "ChessBase"]
[SourceQuality "1"]
[TimeControl "5400+30"]

1. Nf3 Nf6 2. g3 b6 3. Bg2 Bb7 4. O-O e6 5. c4 Be7 6. Nc3 O-O 7. Re1 d6 8. e4 c5 9. d4 cxd4 10. Nxd4 Qd7 11. b3 Nc6 12. Bb2 a6 13. Qd2 Rfd8 14. Rad1 Rac8 15. h3 Qc7 16. Rc1 Qb8 17. Nxc6 Bxc6 18. Nd5 Nxd5 19. exd5 Bd7 20. dxe6 fxe6 21. Bd5 Bf8 22. Bxe6+ Bxe6 23. Rxe6 b5 24. Qd4 bxc4 25. bxc4 Rc5 26. Rce1 Qc8 27. Re7 Re5 28. R1xe5 dxe5 29. Qxe5 Rd1+ 30. Kh2 1-0

[Event "4th EFE Metz Festival-WIM"]
[Site "Metz"]
[Date "2018.07.27"]
[Round "7"]
[White "Thomas, Anysia"]
[Black "Zozulia, Anna"]
[Result "1-0"]
[ECO "A43"]
[WhiteElo "2156"]
[BlackElo "2300"]
[Annotator "NA"]
[PlyCount "63"]
[EventDate "2018.07.22"]
[EventType "tourn"]
[EventCountry "FRA"]
[SourceTitle "playchess.com"]
[Source "ChessBase"]
[SourceQuality "1"]
[TimeControl "5400+30"]

1. d4 c5 2. d5 d6 3. e4 Nf6 4. Nc3 g6 5. Bb5+ Bd7 6. a4 Bg7 7. h3 O-O 8. Nf3 e5 9. Bg5 h6 10. Be3 Kh7 11. g4 Bxb5 12. axb5 Nbd7 13. h4 Kg8 14. Rg1 h5 15. gxh5 Nxh5 16. Bg5 Qe8 17. Qd2 f5 18. Bh6 fxe4 19. Bxg7 Kxg7 20. Ng5 Nf4 21. h5 Rh8 22. Ne6+ Nxe6 23. dxe6 Nf8 24. Qxd6 Rxh5 25. e7 Nd7 26. Nxe4 Rf5 27. O-O-O Nf6 28. Nxf6 Rxf6 29. Qxe5 Kf7 30. Qd5+ Re6 31. Rge1 Qxe7 32. Rxe6 1-0

[Event "4th EFE Metz Festival-WIM"]
[Site "Metz"]
[Date "2018.07.27"]
[Round "7"]
[White "Broly, Mathilde"]
[Black "Schweitzer, Victoria"]
[Result "1-0"]
[ECO "B07"]
[WhiteElo "2149"]
[BlackElo "2097"]
[Annotator "NA"]
[PlyCount "115"]
[EventDate "2018.07.22"]
[EventType "tourn"]
[EventCountry "FRA"]
[SourceTitle "playchess.com"]
[Source "ChessBase"]
[SourceQuality "1"]
[TimeControl "5400+30"]

1. e4 d6 2. d4 Nf6 3. Nc3 g6 4. Be3 c6 5. Nf3 Bg7 6. h3 O-O 7. Qd2 b5 8. Bd3 a6 9. O-O Re8 10. e5 dxe5 11. Nxe5 Qd6 12. f4 Nbd7 13. Ne4 Nxe4 14. Bxe4 Bb7 15. Nxd7 Qxd7 16. c3 Rad8 17. Qf2 f5 18. Bc2 a5 19. a4 Ra8 20. Bb3+ e6 21. Rfe1 Qd6 22. h4 h5 23. Rad1 bxa4 24. Bxa4 Bf6 25. Bc1 Qd5 26. Rd2 Ba6 27. b3 Rac8 28. c4 Qd8 29. g3 Rc7 30. Ba3 Bb7 31. Bc5 Rd7 32. Red1 Be7 33. Bxe7 Rexe7 34. Qe3 Rd6 35. Qe5 Kf7 36. Qc5 Qc7 37. Kf2 Rdd7 38. Re2 Qd8 39. Re5 Re8 40. Ke3 Rg8 41. Qxa5 Qb8 42. Qb6 Rc7 43. Ra5 Qc8 44. Ra7 Re7 45. b4 Rd8 46. Ra5 Ba8 47. Qc5 Qb8 48. b5 cxb5 49. Rxb5 Rb7 50. Rdb1 Rc8 51. Rxb7+ Bxb7 52. Qb6 Rc7 53. Bc6 Rxc6 54. Qxc6 Qxf4+ 55. Kxf4 Bxc6 56. Ke5 Ke7 57. Rb6 Ba8 58. Rxe6+ {[%emt 0:00:08] Ke8} 1-0

[Event "4th EFE Metz Festival-WIM"]
[Site "Metz"]
[Date "2018.07.27"]
[Round "7"]
[White "Afraoui, Anaelle"]
[Black "Soubirou, Oriane"]
[Result "1/2-1/2"]
[ECO "B06"]
[WhiteElo "2056"]
[BlackElo "2105"]
[Annotator "NA"]
[PlyCount "76"]
[EventDate "2018.07.22"]
[EventType "tourn"]
[EventCountry "FRA"]
[SourceTitle "playchess.com"]
[Source "ChessBase"]
[SourceQuality "1"]
[TimeControl "5400+30"]

1. e4 g6 2. d4 Nf6 3. Nc3 d5 4. e5 Ne4 5. Nce2 f6 6. f3 Ng5 7. Be3 Nf7 8. exf6 exf6 9. Qd2 Nc6 10. O-O-O Nd6 11. Nc3 Be6 12. h4 Qd7 13. Nh3 O-O-O 14. Nf4 Nf5 15. Bf2 Bh6 16. g4 Qd6 17. Nce2 Nfe7 18. g5 fxg5 19. Nxe6 Qxe6 20. hxg5 Bg7 21. Bh3 Nf5 22. Nf4 Qf7 23. Rde1 Rd6 24. Re2 Kb8 25. c3 h6 26. Bxf5 Qxf5 27. Rhe1 hxg5 28. Ne6 Bf6 29. Bg3 Rd7 30. b4 b6 31. Kb2 Rc8 32. Bh2 Be7 33. Rg2 Qxf3 34. Nxg5 Qf8 35. Re6 Bd6 36. Rxg6 a5 37. b5 Na7 38. a4 Kb7 1/2-1/2

[Event "4th EFE Metz Festival-WIM"]
[Site "Metz"]
[Date "2018.07.28"]
[Round "8"]
[White "Zozulia, Anna"]
[Black "Terbe, Zsuzsanna"]
[Result "1/2-1/2"]
[ECO "C48"]
[WhiteElo "2300"]
[BlackElo "2178"]
[Annotator "NA"]
[PlyCount "60"]
[EventDate "2018.07.22"]
[EventType "tourn"]
[EventCountry "FRA"]
[SourceTitle "playchess.com"]
[Source "ChessBase"]
[SourceQuality "1"]
[TimeControl "5400+30"]

1. e4 e5 2. Nf3 Nc6 3. Nc3 Nf6 4. Bb5 Bc5 5. O-O O-O 6. d3 Nd4 7. Ba4 d6 8. Nxd4 exd4 9. Ne2 h6 10. c3 dxc3 11. bxc3 Bb6 12. Qc2 c6 13. d4 Re8 14. Ng3 Nxe4 15. Nxe4 Bf5 16. f3 d5 17. Qf2 dxe4 18. fxe4 Bxe4 19. Qxf7+ Kh8 20. Bb3 Rf8 21. Qxf8+ Qxf8 22. Rxf8+ Rxf8 23. Ba3 Rf5 24. Re1 Bd3 25. Be6 Rb5 26. Kf2 Kh7 27. Re3 Bg6 28. Kf3 Rb1 29. Bd6 Bd8 30. g4 Bg5 {[%emt 0:03:52] Ke4} 1/2-1/2

[Event "4th EFE Metz Festival-WIM"]
[Site "Metz"]
[Date "2018.07.28"]
[Round "8"]
[White "Moskalets, Svetlana"]
[Black "Terbe, Julianna"]
[Result "1/2-1/2"]
[ECO "C96"]
[WhiteElo "2208"]
[BlackElo "2238"]
[Annotator "NA"]
[PlyCount "65"]
[EventDate "2018.07.22"]
[EventType "tourn"]
[EventCountry "FRA"]
[SourceTitle "playchess.com"]
[Source "ChessBase"]
[SourceQuality "1"]
[TimeControl "5400+30"]

1. e4 e5 2. Nf3 Nc6 3. Bb5 a6 4. Ba4 Nf6 5. O-O Be7 6. Re1 b5 7. Bb3 d6 8. c3 O-O 9. h3 Na5 10. Bc2 c5 11. d4 Nd7 12. Nbd2 exd4 13. cxd4 Nc6 14. Nf1 cxd4 15. Nxd4 Nxd4 16. Qxd4 Ne5 17. Qd1 Bf6 18. Ne3 Be6 19. Bb3 Nc4 20. Rb1 Rc8 21. Bxc4 bxc4 22. Bd2 Re8 23. Bc3 Be5 24. Qd2 Qh4 25. Nf1 Rc5 26. Bxe5 dxe5 27. Qc3 Qe7 28. Rbd1 f6 29. Rd2 Rd8 30. Red1 Rxd2 31. Rxd2 Kf7 32. Ne3 g6 33. Nd5 1/2-1/2

[Event "4th EFE Metz Festival-WIM"]
[Site "Metz"]
[Date "2018.07.28"]
[Round "8"]
[White "Broly, Mathilde"]
[Black "Thomas, Anysia"]
[Result "0-1"]
[ECO "B39"]
[WhiteElo "2149"]
[BlackElo "2156"]
[Annotator "NA"]
[PlyCount "72"]
[EventDate "2018.07.22"]
[EventType "tourn"]
[EventCountry "FRA"]
[SourceTitle "playchess.com"]
[Source "ChessBase"]
[SourceQuality "1"]
[TimeControl "5400+30"]

1. e4 c5 2. Nf3 g6 3. d4 Bg7 4. c4 cxd4 5. Nxd4 Nc6 6. Be3 Nf6 7. Nc3 Ng4 8. Qxg4 Nxd4 9. Qd1 e5 10. Nb5 O-O 11. Qd2 Qh4 12. Bd3 d5 13. cxd5 Nxb5 14. Bxb5 Qxe4 15. f3 Qh4+ 16. Bf2 Qf4 17. Be3 Qh4+ 18. g3 Qf6 19. O-O Bh3 20. Rf2 a6 21. Ba4 Qd6 22. b4 e4 23. Re1 Rfc8 24. Bc5 Rxc5 25. bxc5 Qxc5 26. fxe4 Bd4 27. Qf4 Qb4 28. Rc1 Bxf2+ 29. Kxf2 Qxa4 30. Rc7 Qxa2+ 31. Ke3 Qa3+ 32. Kd4 Qa1+ 33. Kc5 Qa3+ 34. Kd4 Qb4+ 35. Ke5 f6+ 36. Kxf6 Rf8+ 0-1

[Event "4th EFE Metz Festival-WIM"]
[Site "Metz"]
[Date "2018.07.28"]
[Round "8"]
[White "Muetsch, Annmarie"]
[Black "Afraoui, Anaelle"]
[Result "0-1"]
[ECO "B31"]
[WhiteElo "2146"]
[BlackElo "2056"]
[Annotator "NA"]
[PlyCount "122"]
[EventDate "2018.07.22"]
[EventType "tourn"]
[EventCountry "FRA"]
[SourceTitle "playchess.com"]
[Source "ChessBase"]
[SourceQuality "1"]
[TimeControl "5400+30"]

1. e4 c5 2. Nf3 Nc6 3. Bb5 g6 4. Bxc6 dxc6 5. d3 Bg7 6. h3 Nf6 7. Nc3 Nd7 8. Be3 e5 9. Qd2 h6 10. O-O Qe7 11. Nh2 Nf8 12. f4 exf4 13. Bxf4 Ne6 14. Bg3 Qg5 15. Qe1 Nd4 16. Rc1 O-O 17. Bf4 Qe7 18. Qg3 Rd8 19. Ng4 h5 20. Nh2 h4 21. Qf2 g5 22. Be3 Be5 23. Nf3 Nxf3+ 24. Qxf3 f6 25. Nd1 Be6 26. b3 Rf8 27. Nf2 Bc7 28. Ng4 Qd6 29. g3 b6 30. a4 Bxg4 31. Qxg4 Qxg3+ 32. Qxg3 Bxg3 33. a5 Kg7 34. Ra1 Be5 35. Ra2 Bc3 36. Rf5 Kg6 37. Kg2 Rfe8 38. Kf3 Bd4 39. Bd2 Red8 40. Ke2 Re8 41. Kf3 Rab8 42. axb6 axb6 43. Ra6 Re6 44. Ke2 b5 45. Kf3 Rbe8 46. Ba5 c4 47. bxc4 bxc4 48. Bc7 cxd3 49. cxd3 c5 50. Ra4 Rc6 51. Bh2 Rb6 52. Kg4 Rb2 53. Bd6 Rc8 54. Rc4 Ra8 55. Rcxc5 Raa2 56. Rxg5+ fxg5 57. Rxg5+ Kf7 58. Rf5+ Ke6 59. Bf4 Rg2+ 60. Kxh4 Ra8 61. Rh5 Bf2+ 0-1

[Event "4th EFE Metz Festival-WIM"]
[Site "Metz"]
[Date "2018.07.28"]
[Round "8"]
[White "Schweitzer, Victoria"]
[Black "Soubirou, Oriane"]
[Result "0-1"]
[ECO "B06"]
[WhiteElo "2097"]
[BlackElo "2105"]
[Annotator "ChessBase"]
[PlyCount "152"]
[EventDate "2018.07.22"]
[EventType "tourn"]
[EventCountry "FRA"]
[SourceTitle "playchess.com"]
[Source "ChessBase"]
[SourceQuality "1"]
[TimeControl "5400+30"]

1. e4 g6 2. d4 Nf6 3. Nc3 d5 4. e5 Ne4 5. Nce2 f6 6. f3 Ng5 7. Bxg5 fxg5 8. Qd2 e6 9. Nh3 Be7 10. Nf2 c5 11. dxc5 Nc6 12. Nd3 Qc7 13. Nc3 Nxe5 14. O-O-O Nc4 15. Qf2 O-O 16. Nb1 b6 17. b3 Bf6 18. h4 gxh4 19. bxc4 dxc4 20. Nd2 cxd3 21. Bxd3 Qe5 22. Ne4 Be7 23. c6 Qa1+ 24. Kd2 Qxa2 25. Rxh4 Qa5+ 26. Ke2 Ba6 27. Rh3 Bxd3+ 28. cxd3 Qa2+ 29. Rd2 Qd5 30. c7 Rac8 31. Qg3 Rf5 32. Rh1 Qe5 33. Qf2 Rxc7 34. g4 Rf8 35. Qe3 Qf4 36. Qf2 Bc5 37. Nxc5 Rxc5 38. Rh3 Rc1 39. d4 Rc3 40. Ra2 Rfc8 41. Kf1 Qc1+ 42. Qe1 Qxe1+ 43. Kxe1 R8c7 44. Kd2 Rb3 45. Rc2 Rxc2+ 46. Kxc2 Re3 47. Kd2 Ra3 48. Ke2 a5 49. Rh1 Rc3 50. Rb1 Rc6 51. Kd3 Kg7 52. g5 h5 53. gxh6+ Kxh6 54. Rb5 Kg7 55. f4 Kf7 56. Ke4 Kf6 57. Kd3 Ke7 58. Rg5 Kf7 59. Rb5 Kf6 60. Ke4 Rd6 61. Kd3 a4 62. Ke4 a3 63. Rb3 b5 64. Rxa3 b4 65. Rb3 Rb6 66. Ke3 Ke7 67. Ke4 Kd6 68. d5 exd5+ 69. Kd4 Kc6 70. Rg3 Kb5 71. Kxd5 Ka4 72. Kc5 Rf6 73. Rg4 Ka3 74. Rg1 b3 75. Ra1+ Kb2 76. Rf1 Ka2 0-1